 Dungeon Sprint DCSS version 0.31-a0-986-g5e6e4ef867 (webtiles) character file.

Game seed: 4586426671533074052

56616 Monkooky the Slayer (level 15, -1/124 HPs)
             Began as a Kobold Brigand on Nov 23, 2023.
             Was the Champion of Wu Jian.
             Slain by an angel
             ... wielding a +2 sacred scourge of holy wrath
              (7 damage)
             ... in the Dungeon (Sprint VII: "The Pits").
             The game lasted 00:42:56 (5915 turns).

Monkooky the Slayer (Kobold Brigand)                Turns: 5915, Time: 00:42:57

Health: -1/124     AC: 17    Str: 10    XL:     15   Next: 22%
Magic:  15/15      EV: 51    Int: 19    God:    Wu Jian [******]
Gold:   54         SH:  0    Dex: 22    Spells: 14/14 levels left

rFire   . . .        l - +5 quick blade
rCold   . . .        (no shield)
rNeg    . . .        G - +2 acid dragon scales
rPois   .            (no helmet)
rElec   .            c - +2 cloak
rCorr   +            (no gloves)
SInv    .            t - +2 pair of boots
Will    +....        (no amulet)
Stlth   ++++         A - ring of Teicvoad {rCorr Int+6 Slay+2}
HPRegen 0.40/turn    q - +3 ring of evasion
MPRegen 0.14/turn

%: no teleportation
@: in a heavenly storm, hasted, glowing, very quick
A: small, no large weapons, nightstalker 3
a: Renounce Religion, Wall Jump, Serpent's Lash, Heavenly Storm


You were in the Dungeon.
You worshipped Wu Jian.
Wu Jian was exalted by your worship.
You visited 1 branch You collected 54 gold pieces.

Inventory:

Hand Weapons
 a - a +2 dagger
 l - a +5 quick blade (weapon)
 p - a +1 dagger of venom
 v - a +4 scimitar of flaming
Missiles
 d - 19 poisoned darts (quivered)
 e - 2 curare-tipped darts
Armour
 b - a +0 robe
 c - a +2 cloak (worn)
 t - a +2 pair of boots (worn)
 u - a +5 ring mail
 D - the +3 hat of Pondering {ponderous, Will+ MP+10 Int+5}
   (You found it in the Dungeon)

   Int+5:     It affects your intelligence (+5).
   Will+:     It increases your willpower.
   MP+10:     It affects your magic capacity (+10).
 E - +8 gold dragon scales
 F - +4 ice dragon scales
 G - +2 acid dragon scales (worn)
 H - +3 storm dragon scales
 I - the +3 buckler "Conaudum" {rC+ Will+ Int+7}
   (You found it in the Dungeon)

   Int+7:     It affects your intelligence (+7).
   rC+:       It protects you from cold.
   Will+:     It increases your willpower.
Jewellery
 j - a ring of see invisible
 o - a ring of ice
 q - a +3 ring of evasion (right hand)
 r - a +3 ring of evasion
 x - a ring of protection from cold
 z - a ring of fire
 A - the ring of Teicvoad (left hand) {rCorr Int+6 Slay+2}
   (You found it in the Dungeon)

   [ring of intelligence]

   Int+6:     It affects your intelligence (+6).
   Slay+2:    It affects your accuracy & damage with ranged weapons and melee
   (+2).
   rCorr:     It protects you from acid and corrosion.
Talismans
 K - a granite talisman
Wands
 w - a wand of mindburst (6)
Scrolls
 k - 4 scrolls of blinking
 m - 2 scrolls of vulnerability
 n - 6 scrolls of amnesia
 y - a scroll of revelation
 B - 4 scrolls of identify
 L - a scroll of torment
Potions
 f - 6 potions of curing
 g - a potion of heal wounds
 h - 2 potions of haste
 i - 4 potions of magic
 s - 2 potions of brilliance
 C - 3 potions of mutation
Miscellaneous
 J - a lightning rod (4/4)


   Skills:
 + Level 25.7 Fighting
 - Level 17.5(20.0) Short Blades
 - Level 10.8(13.0) Long Blades
 - Level 9.8 Throwing
 - Level 9.9 Armour
 - Level 23.5 Dodging
 - Level 23.8 Stealth


You had 14 spell levels left.
You didn't know any spells.
Your spell library contained the following spells:

 Spells                   Type           Power      Damage    Failure   Level
 Tukima's Dance           Hex            0%         N/A       65%         3
 Anguish                  Hex/Necr       0%         N/A       96%         4
 Alistair's Intoxication  Tmut/Pois      0%         N/A       100%        5
 Haunt                    Necr/Summ      0%         N/A       100%        7
 Borgnjor's Revivificati  Necr           0%         N/A       100%        8
 Death's Door             Necr           0%         N/A       100%        9


Dungeon Overview and Level Annotations

Branches:
Dungeon (1/1)

Altars:
Ashenzari
Cheibriados
Dithmenos
Elyvilon
Fedhas
Gozag
Hepliaklqana
Kikubaaqudgha
Makhleb
Nemelex Xobeh
Okawaru
Qazlal
Ru
Sif Muna
Trog
Uskayaw
Vehumet
Wu Jian
Xom
Yredelemnul
Zin
The Shining One
Jiyva
Lugonu


Innate Abilities, Weirdness & Mutations

You are small and have problems with some larger weapons.
You are completely attuned to the shadows.


Message History

You spin and attack the death cob repeatedly.
You impale the death cob!! You puncture the death cob!
The death cob is severely damaged.
You hit the death cob but do no damage. You hit the death cob.
The death cob is almost destroyed.
The death cob closely misses you.
Unknown command.
Unknown command.
The death cob attacks as it pursues you!
The death cob completely misses you. x2
You see here a +2 demon whip of freezing.
Unknown command.
You spin and attack the death cob.
You puncture the death cob! x2
You destroy the death cob!
The Council accepts your kill.
Unknown command.
Unknown command.
You spin and attack the air elemental repeatedly.
You puncture the air elemental! x2
The air elemental is severely damaged.
You hit the air elemental. You puncture the air elemental!
You destroy the air elemental!
The Council accepts your kill.
Unknown command.
You lunge at the angel, in a flurry of attacks.
You puncture the angel! You miss the angel.
The angel is lightly wounded.
You puncture the angel! x2
The angel is moderately wounded.
You spin and attack the soul eater repeatedly.
You puncture the soul eater!
You hit the soul eater but do no damage.
The soul eater is almost dead.
You puncture the soul eater!
You kill the soul eater!
The Council accepts your kill.
The angel hits you with a +2 sacred scourge of holy wrath!
* * * LOW HITPOINT WARNING * * *
The angel hits you with a +2 sacred scourge of holy wrath!
You die...

#......# #......# . #°○°☼☼.
..##..○### .#E○#°#°☼#
...☼○E°§☼# .#.☼#°#@☼#
..##§°A########++##### .
#..§§°○##..........#
#...†☼○##..........#
#......''..#....#..#
#......''..........#
#########..........#
####################..#....#..#
..................')..........#


You could see an angel and a water elemental.

Vanquished Creatures
  A bone dragon (D)
  2 deep elf master archers (D)
  2 death cobs (D)
  Donald (D)
  An azure jelly (D)
  An emperor scorpion (D)
  A balrug (D)
  An orc warlord (D)
  A war gargoyle (D)
  A vampire knight (D)
  A green draconian (D)
  A deep elf demonologist (D)
  Nessos (D)
  A blizzard demon (D)
  An eidolon (D)
  Snorg (D)
  2 yaktaur captains (D)
  Erolcha (D)
  2 vault guards (D)
  An ice dragon (D)
  2 great orbs of eyes (D)
  2 hydras (D)
  A merfolk aquamancer (D)
  2 catoblepae (D)
  An anaconda (D)
  2 boulder beetles (D)
  An orc high priest (D)
  3 demonic crawlers (D)
  3 naga warriors (D)
  A vampire mage (D)
  A soul eater (D)
  A dancing weapon (D)
  A death yak (D)
  2 spriggans (D)
  A naga sharpshooter (D)
  2 deep elf knights (D)
  2 shadow wraiths (D)
  A sun demon (D)
  An iron troll (D)
  A cherub (D)
  A phantasmal warrior (D)
  10 orc knights (D)
  3 bog bodies (D)
  2 swamp dragons (D)
  A deep elf pyromancer (D)
  A wolf spider (D)
  An ugly thing (D)
  A cyclops (D)
  2 elephants (D)
  A smoke demon (D)
  A naga mage (D)
  An unseen horror (D)
  2 orange demons (D)
  3 gargoyles (D)
  3 yaktaurs (D)
  2 komodo dragons (D)
  An efreet (D)
  A guardian mummy (D)
  A hellwing (D)
  A wandering mushroom (D)
  A red devil (D)
  3 tyrant leeches (D)
  A glass eye (D)
  2 hornets (D)
  A flying skull (D)
  A culicivora (D)
  An air elemental (D)
  A vampire (D)
  2 ynoxinuls (D)
  A fire bat (D)
  2 basilisks (D)
  A yak (shapeshifter) (D)
  A fire elemental (D)
  A wyvern (D)
  A neqoxec (D)
  A vampire mosquito (D)
  6 redbacks (D)
  2 acid dragons (D)
  3 hell hounds (D)
  A water moccasin (D)
  Duvessa (D)
  A black bear (D)
  8 wolves (D)
  2 kobold brigands (D)
  3 scorpions (D)
  Dowan (D)
  4 wights (D)
  A crimson imp (D)
  A quasit (D)
  3 orc priests (D)
  2 hounds (D)
  An iguana (D)
  6 orc wizards (D)
  A river rat (D)
  2 ufetubi (D)
  An adder zombie (D)
  6 orcs (D)
  3 endoplasms (D)
  2 goblins (D)
  A hobgoblin (D)
  7 jackals (D)
  4 quokkas (D)
  A frilled lizard (D)
  A rat (D)
190 creatures vanquished.

Vanquished Creatures (others)
  A quokka zombie (D)
1 creature vanquished.

Grand Total: 191 creatures vanquished

Notes
Turn   | Place    | Note
-------+----------+-------------------------------------------
     0 | D        | Monkooky the Kobold Brigand began the quest for the Orb.
     0 | D        | Reached XP level 1. HP: 12/12 MP: 1/1
    36 | D        | Found a glowing golden altar of the Shining One.
    36 | D        | Found a glowing silver altar of Zin.
    36 | D        | Found a bloodstained altar of Trog.
    36 | D        | Found a shimmering blue altar of Sif Muna.
    36 | D        | Found a sacrificial altar of Ru.
    36 | D        | Found a stormy altar of Qazlal.
    36 | D        | Found a viscous altar of Jiyva.
    36 | D        | Found a hazy altar of Hepliaklqana.
    36 | D        | Found an opulent altar of Gozag.
    36 | D        | Found a blossoming altar of Fedhas.
    37 | D        | Found a basalt altar of Yredelemnul.
    37 | D        | Found an iron altar of Okawaru.
    37 | D        | Found a white marble altar of Elyvilon.
    38 | D        | Found a shimmering altar of Xom.
    38 | D        | Found a sparkling altar of Nemelex Xobeh.
    38 | D        | Found a shadowy altar of Dithmenos.
    39 | D        | Found an ornate altar of the Wu Jian Council.
    39 | D        | Found a burning altar of Makhleb.
    39 | D        | Found a snail-covered altar of Cheibriados.
    40 | D        | Found a radiant altar of Vehumet.
    40 | D        | Found a corrupted altar of Lugonu.
    41 | D        | Found a hide-covered altar of Uskayaw.
    41 | D        | Found an ancient bone altar of Kikubaaqudgha.
    41 | D        | Found a broken altar of Ashenzari.
    44 | D        | Became a worshipper of the Wu Jian Council
    59 | D        | Noticed a scorpion
    61 | D        | Killed a scorpion
    62 | D        | Reached XP level 2. HP: 17/17 MP: 2/2
    62 | D        | Reached XP level 3. HP: 21/21 MP: 3/3
    62 | D        | Reached XP level 4. HP: 26/26 MP: 4/4
    83 | D        | Noticed a kobold brigand
    85 | D        | Reached * piety under Wu Jian
    88 | D        | Killed a kobold brigand
    89 | D        | Reached skill level 5 in Short Blades
    89 | D        | Reached XP level 5. HP: 29/30 MP: 5/5
    89 | D        | Noticed a kobold brigand
    92 | D        | Killed a kobold brigand
    92 | D        | Reached ** piety under Wu Jian
    93 | D        | Reached XP level 6. HP: 35/35 MP: 6/6
   116 | D        | Reached skill level 3 in Fighting
   122 | D        | Reached *** piety under Wu Jian
   209 | D        | Noticed a fire bat
   215 | D        | Killed a fire bat
   215 | D        | Reached **** piety under Wu Jian
   216 | D        | Reached skill level 5 in Fighting
   216 | D        | Reached skill level 10 in Short Blades
   216 | D        | Reached XP level 7. HP: 44/44 MP: 7/7
   263 | D        | Noticed a boulder beetle
   310 | D        | Reached ***** piety under Wu Jian
   440 | D        | Noticed a hellwing
   440 | D        | Killed a boulder beetle
   441 | D        | Reached skill level 9 in Fighting
   441 | D        | Reached XP level 8. HP: 56/56 MP: 8/8
   443 | D        | Killed a hellwing
   444 | D        | Reached skill level 10 in Fighting
   444 | D        | Reached skill level 15 in Short Blades
   608 | D        | Noticed Nessos
   610 | D        | Reached XP level 9. HP: 63/63 MP: 9/9
   618 | D        | Noticed a phantasmal warrior
   621 | D        | HP: 3/63 [phantasmal warrior (18)]
   632 | D        | Killed Nessos
   633 | D        | Killed a phantasmal warrior
   634 | D        | Reached XP level 10. HP: 22/68 MP: 10/10
   871 | D        | Noticed an efreet
   871 | D        | Noticed a deep elf demonologist
   874 | D        | Noticed a death cob
   874 | D        | Noticed a six-headed hydra
   874 | D        | Killed an efreet
   921 | D        | Noticed a bog body
   957 | D        | Killed an unseen horror
   957 | D        | Reached ****** piety under Wu Jian
   958 | D        | Reached skill level 11 in Fighting
   958 | D        | Reached skill level 15 in Dodging
   959 | D        | HP: 3/70 [poisoned by a red devil]
  1182 | D        | Noticed a six-headed hydra
  1190 | D        | Killed a bog body
  1191 | D        | Reached skill level 12 in Fighting
  1219 | D        | Killed a six-headed hydra
  1228 | D        | Noticed Duvessa
  1229 | D        | Noticed Dowan
  1231 | D        | Killed Dowan
  1253 | D        | Killed Duvessa
  1309 | D        | Noticed a komodo dragon
  1309 | D        | Noticed a smoke demon
  1313 | D        | Killed a komodo dragon
  1314 | D        | Killed a smoke demon
  1315 | D        | Reached XP level 11. HP: 74/77 MP: 11/11
  1347 | D        | Noticed a boulder beetle
  1355 | D        | Killed a boulder beetle
  1360 | D        | Noticed Snorg
  1365 | D        | Noticed Donald
  1384 | D        | Killed Snorg
  1409 | D        | Noticed a cyclops
  1410 | D        | Noticed a death yak
  1441 | D        | Killed a cyclops
  1610 | D        | Killed a death yak
  1611 | D        | Reached skill level 13 in Fighting
  1746 | D        | Killed Donald
  1749 | D        | Reached skill level 14 in Fighting
  1749 | D        | Reached XP level 12. HP: 57/85 MP: 12/12
  1754 | D        | Noticed a demonic crawler
  2160 | D        | Noticed a shadow wraith
  2161 | D        | Killed a shadow wraith
  2654 | D        | Noticed a spriggan rider
  2656 | D        | Killed a spriggan rider
  2657 | D        | Reached skill level 15 in Fighting
  2679 | D        | Noticed an orc high priest
  2686 | D        | Noticed an anaconda
  2691 | D        | Killed an anaconda
  2692 | D        | Reached skill level 5 in Throwing
  2693 | D        | Noticed a demonic crawler
  2695 | D        | Killed an orc high priest
  2696 | D        | Noticed a shadow wraith
  2717 | D        | Killed a demonic crawler
  2720 | D        | Killed a shadow wraith
  3182 | D        | Noticed a great orb of eyes
  3183 | D        | Killed a great orb of eyes
  3204 | D        | Noticed a naga warrior
  3206 | D        | Noticed a naga sharpshooter
  3206 | D        | Killed a naga warrior
  3206 | D        | Killed a naga sharpshooter
  3225 | D        | Noticed an orc warlord
  3225 | D        | Noticed a deep elf knight
  3225 | D        | Noticed an orc warlord
  3225 | D        | Noticed a blizzard demon
  3226 | D        | Reached XP level 13. HP: 92/92 MP: 13/13
  3227 | D        | Noticed a vampire knight
  3232 | D        | Noticed a vault guard
  3795 | D        | HP: 3/92 [+0 glaive of freezing (7)]
  3804 | D        | Reached skill level 5 in Armour
  3831 | D        | Killed a vault guard
  3840 | D        | Noticed an eidolon
  3884 | D        | Killed an eidolon
  3884 | D        | Killed a vampire knight
  4083 | D        | Noticed a yaktaur captain
  4089 | D        | Killed a yaktaur captain
  4215 | D        | Killed an orc warlord
  4216 | D        | Reached skill level 5 in Long Blades
  4454 | D        | Noticed a vault guard
  4492 | D        | Killed a vault guard
  4880 | D        | Noticed a yaktaur captain
  4880 | D        | Killed a blizzard demon
  4882 | D        | Reached skill level 10 in Long Blades
  4882 | D        | Reached XP level 14. HP: 35/98 MP: 14/14
  5129 | D        | Found the +3 hat of Pondering {ponderous, Will+ MP+10
                  | Int+5}
  5293 | D        | Noticed an azure jelly
  5293 | D        | Noticed a war gargoyle
  5293 | D        | Noticed a green draconian
  5300 | D        | Reached skill level 16 in Fighting
  5304 | D        | Killed a war gargoyle
  5306 | D        | Killed an azure jelly
  5307 | D        | Reached skill level 17 in Fighting
  5313 | D        | Reached skill level 18 in Fighting
  5321 | D        | Killed a green draconian
  5325 | D        | Got the Atlas of the Evolving Sphinx
  5404 | D        | Reached skill level 19 in Fighting
  5404 | D        | Killed a death cob
  5407 | D        | Reached skill level 20 in Fighting
  5418 | D        | Noticed an emperor scorpion
  5418 | D        | Killed a deep elf demonologist
  5419 | D        | Killed an emperor scorpion
  5421 | D        | Reached skill level 21 in Fighting
  5424 | D        | Noticed a deep elf master archer
  5438 | D        | Killed a deep elf master archer
  5443 | D        | Reached skill level 22 in Fighting
  5449 | D        | Noticed Erolcha
  5454 | D        | Killed Erolcha
  5636 | D        | Identified the +6 plate armour of Qyad {-Cast Harm rN++
                  | SInv}
  5710 | D        | Got the ring of Teicvoad {rCorr Int+6 Slay+2}
  5722 | D        | Got the +3 buckler "Conaudum" {rC+ Will+ Int+7}
  5856 | D        | Reached skill level 23 in Fighting
  5884 | D        | Noticed a balrug
  5884 | D        | Noticed a bone dragon
  5886 | D        | Killed a bone dragon
  5887 | D        | Reached skill level 24 in Fighting
  5887 | D        | Reached XP level 15. HP: 120/120 MP: 15/15
  5892 | D        | Killed a balrug
  5893 | D        | Noticed a deep elf master archer
  5905 | D        | Noticed an angel
  5905 | D        | Killed a deep elf master archer
  5906 | D        | Noticed a death cob
  5907 | D        | Reached skill level 25 in Fighting
  5913 | D        | Killed a death cob
  5915 | D        | HP: 6/124 [angel/+2 sacred scourge of holy wrath (12)]
  5915 | D        | Slain by an angel

Illustrated notes

Levels and vault maps discovered:
D:        pitsprint [storerooms_1, entrance_room_1, metal_vault_8, armoury_3,
          mini_pit_1, grid_room_1, main_hall_1, silver_pit, the_coven_3,
          the_vestibule_1, steel_vault_4, golden_pit, hallway_of_sentries,
          crystal_vault_2, iron_vault_3, final_vault]

Skill      XL: |  1  2  3  4  5  6  7  8  9 10 11 12 13 14 15 |
---------------+----------------------------------------------+-----
Short Blades   | 4 5 10 14 15 16 17 | 17.5
Stealth        | 11 14 16 18 23 | 23.8
Fighting       | 5 9 10 12 14 15 24 25 | 25.7
Dodging        | 3 13 16 17 23 | 23.5
Throwing       | 9 |  9.8
Armour         | 9 |  9.9
Long Blades    | 10 | 10.8

Action                     |  1- 3 |  4- 6 |  7- 9 | 10-12 | 13-15 || total
---------------------------+-------+-------+-------+-------+-------++-------
  Melee: Dagger            |     3 |    45 |    84 |   384 |    49 ||   565
         Punch             |       |     2 |       |     9 |    17 ||    28
         Rapier            |       |       |       |    26 |   290 ||   316
         Quick blade       |       |       |       |       |   404 ||   404
  Throw: Dart              |       |       |       |     7 |    14 ||    21
 Invoke: Serpent's Lash    |       |       |     2 |    14 |     8 ||    24
         Heavenly Storm    |       |       |     1 |     4 |     7 ||    12
Ability: Lunge             |     1 |     5 |    14 |    30 |    40 ||    90
         Whirlwind         |       |     1 |    21 |   109 |   166 ||   297
         Wall Jump         |       |       |       |     2 |       ||     2
    Use: Potion            |       |     1 |     5 |     6 |    12 ||    24
         Scroll            |       |       |       |     5 |       ||     5
   Stab: Sleeping          |     1 |     8 |     6 |    21 |    20 ||    56
         Invisible         |       |       |     2 |       |     1 ||     3
         Distracted        |       |       |       |       |     3 ||     3
 Armour: Robe              |     1 |    35 |    18 |       |       ||    54
         Ring mail         |       |       |    15 |   120 |    76 ||   211
         Acid dragon scale |       |       |       |       |    35 ||    35
  Dodge: Dodged            |       |    39 |    43 |   293 |   317 ||   692

Table legend: (Time is in decaauts)
 A = Elapsed time spent in this place.
 B = Non-inter-level travel time spent in this place.
 C = Inter-level travel time spent in this place.
 D = Time resting spent in this place.
 E = Time spent auto-exploring this place.
 F = Levels seen in this place.
 G = Mean time per level.
                   A        B        C        D        E       F      G
               +--------+--------+--------+--------+--------+-----+--------+
         Total |   5687 |   5562 |    125 |   3087 |    203 |   1 | 5687.0 |
       Dungeon |   5687 |   5562 |    125 |   3087 |    203 |   1 | 5687.0 |
               +--------+--------+--------+--------+--------+-----+--------+

Top non-repeatable levels by time:
       D: 5687 daAuts
